AoeStats
← Zyzz

Arena

508284912Analyzed
4v4 RM · 9d ago on Sep 21, 2026· 45m 11s· 8 players
Game mode
Random Map
Map size
Large (8 player)
Population
200
Speed
Normal
Resources
Standard
Victory
Conquest
Starting age
Dark Age
Ending age
Imperial Age
RankedLock teamsTeams togetherTeam positionsShared explorationLock speedFull tech treeHidden civsTurbo modeCheats
Victory
Defeat
🇪🇸 Teutons · Spain
1390
+12
🇺🇸 Wu · United States
1344
+14
🇩🇪 Saracens · Germany
1275
+17
🇮🇩 Wei · Indonesia
1255
+17
🇩🇪 Bohemians · Germany
1313
-16
🇦🇹 Japanese · Austria
1298
-15
🇸🇪 Turks · Sweden
1295
-15
🇩🇪 Lithuanians · Germany
1278
-14
Zyzz
11:14 Feudal Age
15:21 Castle Age
13:43 Double-Bit Axe
20:57 Imperial Age
18:30 Horse Collar
22:05 Bow Saw
28:43 Padded Archer Armor
33:22 Stone Mining
36:09 Leather Archer Armor
41:57 Heavy Plow
44:46 Loom
45:53 Wheelbarrow
45:04 Town Watch
hafnfp13
10:34 Feudal Age
15:54 Castle Age
15:07 Loom
Carpii
11:51 Feudal Age
12:46 Double-Bit Axe
15:36 Castle Age
13:19 Horse Collar
18:54 Squires
22:44 Husbandry
23:11 Bloodlines
24:50 Scale Barding Armor
27:20 Chain Barding Armor
30:27 Forging
30:09 Fletching
32:47 Wheelbarrow
32:50 Light Cavalry
33:49 Heavy Plow
33:49 Gold Mining
45:09 Imperial Age
43:36 Coinage
44:24 Elite Skirmisher
DesFroschi
10:38 Feudal Age
14:10 Castle Age
12:18 Double-Bit Axe
19:40 Horse Collar
20:49 Bow Saw
21:32 Heavy Plow
22:37 Wheelbarrow
24:17 Loom
26:26 Treadmill Crane
28:20 Forging
28:11 Scale Mail Armor
28:25 Masonry
28:48 Hand Cart
28:27 Pikeman
29:07 Squires
28:52 Arson
30:03 Iron Casting
30:33 Chemistry
30:04 Chain Mail Armor
32:45 Imperial Age
34:31 Blast Furnace
34:01 Plate Mail Armor
33:53 Conscription
33:23 Halberdier
33:49 Houfnice
34:37 Wagenburg Tactics
35:10 Siege Engineers
44:26 Two-Man Saw
43:12 Man-at-Arms
43:57 Long Swordsman
44:36 Two-Handed Swordsman
Flyingsheep78
0:26 Loom
10:45 Feudal Age
15:00 Castle Age
12:59 Double-Bit Axe
13:06 Horse Collar
13:29 Gold Mining
14:15 Fletching
14:52 Loom
16:16 Bow Saw
17:46 Town Watch
18:48 Bodkin Arrow
24:55 Padded Archer Armor
30:33 Wheelbarrow
34:11 Imperial Age
33:48 Red Cliffs Tactics
35:31 Bracer
36:47 Gold Shaft Mining
38:43 Chemistry
38:39 Elite Fire Archer
41:27 Ballistics
41:23 Leather Archer Armor
42:04 Conscription
43:54 Wheelbarrow
nikias.marquardt
11:01 Feudal Age
10:15 Loom
11:57 Double-Bit Axe
12:40 Horse Collar
15:08 Castle Age
16:53 Scale Barding Armor
17:08 Forging
19:56 Bloodlines
24:57 Chain Barding Armor
27:32 Iron Casting
28:07 Horse Collar
29:02 Husbandry
35:44 Imperial Age
34:35 Wheelbarrow
35:13 Bow Saw
37:15 Plate Barding Armor
36:03 Heavy Camel Rider
37:47 Blast Furnace
39:12 Conscription
39:05 Light Cavalry
40:17 Hussar
41:28 Heavy Plow
42:31 Two-Man Saw
44:45 Elite Mameluke
Grimbel
11:15 Feudal Age
11:48 Double-Bit Axe
15:24 Castle Age
13:24 Horse Collar
13:50 Gold Mining
16:15 Bow Saw
17:16 Heavy Plow
22:42 Loom
23:18 Scale Mail Armor
23:52 Forging
24:07 Squires
23:53 Arson
25:01 Chain Mail Armor
25:39 Iron Casting
26:30 Wheelbarrow
25:41 Town Watch
27:45 Fortified Wall
28:37 Fletching
29:34 Bodkin Arrow
29:55 Elite Skirmisher
30:39 Padded Archer Armor
31:09 Masonry
32:41 Ballistics
33:08 Hand Cart
36:21 Leather Archer Armor
37:31 Ironclad
41:17 Imperial Age
46:48 Imperial Age
酒醉上義姬
9:58 Feudal Age
15:39 Castle Age
13:52 Double-Bit Axe
14:08 Horse Collar
16:40 Bow Saw
16:37 Heavy Plow
21:24 Gold Mining
21:44 Stone Mining
23:19 Gold Shaft Mining
23:46 Stone Shaft Mining
24:55 Forging
24:45 Scale Mail Armor
24:59 Scale Barding Armor
25:08 Loom
25:59 Wheelbarrow
26:26 Iron Casting
27:56 Chain Barding Armor
27:55 Husbandry
28:05 Bloodlines
30:50 Imperial Age
28:46 Hand Cart
28:17 Town Watch
32:43 Blast Furnace
32:30 Conscription
32:36 Ming Guang Armor
32:30 Heavy Hei Guang Cavalry
32:32 Light Cavalry
33:32 Town Patrol
33:38 Tuntian
34:48 Crop Rotation
34:16 Fletching
33:54 Hussar
36:06 Chemistry
36:10 Parthian Tactics
35:51 Thumb Ring
36:32 Bodkin Arrow
36:38 Murder Holes
37:04 Ballistics
38:39 Bracer
39:23 Padded Archer Armor
45:07 Treadmill Crane
45:41 Masonry
Connection lost

Rejoining the realm…

Still unreachable

The connection could not be restored.

Session expired

The server has moved on; the page needs a fresh start.